 Dungeon Sprint DCSS version 0.17-a0-1497-g03599f7 (webtiles) character file.

847 nuthulu the Transmogrifier (level 8, -12/76 HPs)
             Began as a Naga Transmuter on July 6, 2015.
             Was an Initiate of Cheibriados.
             Killed from afar by a smoke demon (43 damage)
             ... with a ball of steam
             ... summoned by a kobold demonologist
             ... in the Dungeon (Sprint I: "Red Sonja").
             The game lasted 00:02:49 (1015 turns).

nuthulu the Transmogrifier (Naga Transmuter)        Turns: 1015, Time: 00:02:49

Health: -12/76     AC:  6    Str: 14    XL:     8   Next: 1%
Magic:  20/22      EV: 10    Int: 17    God:    Cheibriados [......]
Gold:   191        SH:  0    Dex: 12    Spells: 5 memorised, 13 levels left

rFire  x . .     SeeInvis +       - Unarmed
rCold  + + +     Clarity  .     (armour currently unavailable)
rNeg   . . .     SustAt   .     (shield currently unavailable)
rPois  +         Gourm    .     (helmet currently unavailable)
rElec  .         Spirit   .     (cloak currently unavailable)
rCorr  .         Warding  .     (gloves currently unavailable)
rMut   .         NoTele   +     (no barding)
MR     +....                    (no amulet)
Stlth  +.........               (no ring)
                                (no ring)

@: ice-form, slow, somewhat resistant to hostile enchantments, very unstealthy
A: see invisible, (deformed body), (poison resistance), (slowness 0), slow
metabolism 1, spit poison 2, AC +2
a: Spit Poison, End Transformation, Bend Time, Renounce Religion


You were in the Dungeon.
You worshipped Cheibriados.
Cheibriados was noncommittal.
You were not hungry.
You were a creature of crystalline ice.
You visited 1 branch You collected 405 gold pieces.
You spent 214 gold pieces at shops.

Inventory:

Missiles
 a - 27 arrows
Armour
 b - a +1 cloak of magic resistance (melded)
 k - a +2 robe of fire resistance (melded)
Magical devices
 i - a wand of random effects (11)
Scrolls
 j - a scroll of blinking
Potions
 e - 2 potions of curing
 f - a potion of heal wounds
 g - a potion of haste
 h - 2 potions of magic
Books
 c - a book of Changes

   Spells                             Type                      Level
   a - Beastly Appendage              Transmutation                1
   b - Sticks to Snakes               Transmutation                2
   c - Spider Form                    Transmutation/Poison         3
   d - Ice Form                       Ice/Transmutation            4
   e - Blade Hands                    Transmutation                5


   Skills:
 - Level 1.6 Fighting
 - Level 2.0 Dodging
 - Level 5.0 Unarmed Combat
 + Level 10.8 Spellcasting
 + Level 11.5 Transmutations


You had 13 spell levels left.
You knew the following spells:

 Your Spells              Type           Power        Failure   Level  Hunger
a - Beastly Appendage     Trmt           #####.       1%          1    None
b - Spider Form           Trmt/Pois      ####......   2%          3    None
c - Blade Hands           Trmt           #####.....   1%          5    #####..
d - Ice Form              Ice/Trmt       ####....     10%         4    ###....
e - Sticks to Snakes      Trmt           #####.....   1%          2    None


Dungeon Overview and Level Annotations

Branches:
Dungeon (1/1)

Altars:
Cheibriados
Dithmenos
Elyvilon
Fedhas
Gozag
Kikubaaqudgha
Makhleb
Nemelex Xobeh
Okawaru
Qazlal
Ru
Sif Muna
Trog
Vehumet
Xom
Yredelemnul
Zin
The Shining One
Jiyva

Shops:
D [


Innate Abilities, Weirdness & Mutations

You cannot wear boots.
((Your serpentine skin is tough (AC +2).))
You have supernaturally acute eyesight.
((Armour fits poorly on your strangely shaped body.))
((Your system is resistant to poisons.))
((You cover ground very slowly.))
You have a slow metabolism.
You can spit poison.


Message History

The ball of steam misses you.
The ball of steam hits the kobold demonologist.
The kobold demonologist dies!
Your Transmutations skill increases to level 11!
You have reached level 8!
You feel clever.
You feel your intelligence returning. The neqoxec gestures at you.
Something tries to feed on your intellect!
The kobold demonologist hits you but does no damage.
You closely miss the kobold demonologist.
You are engulfed in a cloud of scalding steam.
The neqoxec disappears in a puff of smoke!
The crimson imp disappears in a puff of smoke!
The quasit disappears in a puff of smoke!
The shadow imp disappears in a puff of smoke!
The smoke demon gestures at you. The ball of steam hits you!
The steam scalds you terribly!
Ouch! That really hurt!
You die...

#####################
.').#..'..#__#.3Y§G.#
.#..'[.#..'..'..#K55#
###'#####'#__####§§§+
##..#...#.#### ####
_####..##)#§§§§
..__##'#..+§§§§
.∩...'..._#§§§§
..._##_.#'# +##
____###+#.#


You could see a kobold demonologist, a smoke demon, a giant eyeball, a quasit
and a crimson imp.

Vanquished Creatures
  A slime creature (D)
  Sigmund (D)
  A yak (D)
  An ogre (D)
  A jelly (D)
  Ijyb (D)
6 creatures vanquished.

Vanquished Creatures (others)
  A kobold demonologist (D)
1 creature vanquished.

Grand Total: 7 creatures vanquished

Notes
Turn   | Place    | Note
--------------------------------------------------------------
     0 | D        | nuthulu the Naga Transmuter began the quest for the Orb.
     0 | D        | Reached XP level 1. HP: 18/18 MP: 3/3
     2 | D        | Noticed Ijyb
    17 | D        | Killed Ijyb
    17 | D        | Reached skill level 5 in Unarmed Combat
    17 | D        | Reached XP level 2. HP: 15/25 MP: 4/6
    17 | D        | Reached XP level 3. HP: 18/31 MP: 4/7
   191 | D        | Learned a level 3 spell: Spider Form
   192 | D        | Noticed an ogre
   200 | D        | Killed an ogre
   200 | D        | Reached skill level 5 in Spellcasting
   200 | D        | Reached skill level 5 in Transmutations
   200 | D        | Reached XP level 4. HP: 38/38 MP: 4/11
   255 | D        | Noticed Sigmund
   262 | D        | Killed Sigmund
   262 | D        | Reached skill level 7 in Spellcasting
   262 | D        | Reached skill level 8 in Transmutations
   262 | D        | Reached XP level 5. HP: 44/44 MP: 6/15
   262 | D        | Reached XP level 6. HP: 51/51 MP: 6/16
   269 | D        | Learned a level 5 spell: Blade Hands
   337 | D        | Found a deep blue altar of Sif Muna.
   339 | D        | Noticed a jelly
   340 | D        | Found a radiant altar of Vehumet.
   349 | D        | Killed a jelly
   453 | D        | Found Hewneet's Armour Emporium.
   453 | D        | Found a white marble altar of Elyvilon.
   453 | D        | Found a stormy altar of Qazlal.
   453 | D        | Found a burning altar of Makhleb.
   453 | D        | Found a sacrificial altar of Ru.
   453 | D        | Found a basalt altar of Yredelemnul.
   453 | D        | Found a glowing golden altar of the Shining One.
   453 | D        | Found a sparkling altar of Nemelex Xobeh.
   453 | D        | Found a shimmering altar of Xom.
   453 | D        | Found an opulent altar of Gozag.
   453 | D        | Found an ancient bone altar of Kikubaaqudgha.
   453 | D        | Found a glowing silver altar of Zin.
   453 | D        | Noticed a yak
   462 | D        | Killed a yak
   462 | D        | Reached skill level 9 in Spellcasting
   462 | D        | Reached XP level 7. HP: 22/57 MP: 15/19
   463 | D        | Found an iron altar of Okawaru.
   466 | D        | Found a bloodstained altar of Trog.
   658 | D        | Found a snail-covered altar of Cheibriados.
   658 | D        | Found a viscous altar of Jiyva.
   658 | D        | Found a shadowy altar of Dithmenos.
   658 | D        | Found a blossoming altar of Fedhas.
   658 | D        | Noticed a slime creature
   669 | D        | Killed a slime creature
   669 | D        | Reached skill level 10 in Spellcasting
   669 | D        | Reached skill level 10 in Transmutations
   688 | D        | Became a worshipper of Cheibriados the Contemplative
   920 | D        | Learned a level 4 spell: Ice Form
   959 | D        | Bought a +1 cloak of magic resistance for 214 gold pieces
   981 | D        | Learned a level 2 spell: Sticks to Snakes
  1000 | D        | Noticed a kobold demonologist
  1001 | D        | Noticed a kobold demonologist
  1005 | D        | Noticed a neqoxec
  1005 | D        | Paralysed by a giant eyeball for 3 turns
  1009 | D        | Noticed a smoke demon
  1014 | D        | Killed a kobold demonologist
  1014 | D        | Reached skill level 11 in Transmutations
  1014 | D        | Reached XP level 8. HP: 35/64 MP: 20/22
  1015 | D        | Killed from afar by a smoke demon

Vault maps used:
D:        dungeon_sprint_1

Action                   |  1- 3 |  4- 6 |  7- 9 || total
-------------------------+-------+-------+-------++-------
Melee: Unarmed           |    20 |    20 |    20 ||    60
 Cast: Beastly Appendage |     1 |       |       ||     1
       Spider Form       |     1 |     3 |       ||     4
       Blade Hands       |       |       |     2 ||     2
       Ice Form          |       |       |     1 ||     1
  Use: Potion            |     1 |       |       ||     1
 Stab: Sleeping          |       |     1 |       ||     1
  Eat: Bread ration      |       |       |     1 ||     1
